 Dungeon Crawl Stone Soup version 0.29-a0-416-g83a48905f1 (webtiles) character file.

Game seed: 5152754771083893106

93 xian the Ducker (level 4, 0/38 HPs)
             Began as a Gnoll Gladiator on May 16, 2022.
             Was an Initiate of Trog.
             Succumbed to a scorpion's poison
             ... on level 5 of the Dungeon.
             The game lasted 00:08:45 (2747 turns).

xian the Ducker (Gnoll Gladiator)                   Turns: 2747, Time: 00:08:45

Health: 0/38       AC: 10    Str: 15    XL:     4   Next: 61%
Magic:  5/5        EV:  8    Int:  8    God:    Trog [......]
Gold:   162        SH:  0    Dex: 13    Spells: 5/5 levels left

rFire   . . .      SeeInvis +   a - +0 trident
rCold   . . .      Faith    .   (no shield)
rNeg    . . .      Spirit   .   j - +0 chain mail
rPois   .          Reflect  .   c - +0 helmet
rElec   .          Harm     .   (no cloak)
rCorr   .          Rampage  .   (no gloves)
Will    .....                   t - +0 pair of boots
Stlth   ..........              (no amulet)
HPRegen 0.12/turn               f - ring of see invisible
MPRegen 0.09/turn               (no ring)

@: lethally poisoned (0 -> -1)
A: fangs 1, strong nose, distributed training
a: Renounce Religion


You were on level 5 of the Dungeon.
You worshipped Trog.
Trog was noncommittal.
You visited 1 branch of the dungeon, and saw 4 of its levels.

You collected 162 gold pieces.

Inventory:

Hand Weapons
 a - a +0 trident (weapon)
Missiles
 d - 2 throwing nets
 e - a javelin
 m - 3 boomerangs (quivered)
Armour
 b - a +0 leather armour
 c - a +0 helmet (worn)
 j - a +0 chain mail (worn)
 t - a +0 pair of boots (worn)
Jewellery
 f - a ring of see invisible (left hand)
Wands
 v - a wand of acid (12)
Scrolls
 k - 2 scrolls of magic mapping {unknown}
 l - a scroll of poison {unknown}
 n - 4 scrolls of noise {unknown}
 o - 2 scrolls of blinking {unknown}
 q - a scroll of summoning {unknown}
 r - a scroll of teleportation {unknown}
 s - a scroll of amnesia {unknown}
 w - 4 scrolls of identify {unknown}
 x - a scroll of fear {unknown}
 y - a scroll of enchant armour {unknown}
 z - a scroll of immolation {unknown}
 B - 2 scrolls of fog {unknown}
Potions
 g - a potion of attraction {unknown}
 h - 2 potions of cancellation {unknown}
 i - a potion of haste {unknown}
 p - a potion of might {unknown}
 u - a potion of mutation {unknown}
 A - a potion of brilliance {unknown}


   Skills:
 + Level 4.6 Fighting
 + Level 1.2 Short Blades
 + Level 1.2 Long Blades
 + Level 1.2 Axes
 + Level 1.2 Maces & Flails
 + Level 6.6 Polearms
 + Level 1.2 Staves
 + Level 1.2 Slings
 + Level 1.2 Bows
 + Level 1.2 Crossbows
 + Level 4.6 Throwing
 + Level 1.2 Armour
 + Level 6.6 Dodging
 + Level 1.2 Stealth
 + Level 1.2 Shields
 + Level 1.2 Unarmed Combat
 + Level 1.2 Spellcasting
 + Level 1.0 Conjurations
 + Level 1.0 Hexes
 + Level 1.0 Summonings
 + Level 1.0 Necromancy
 + Level 1.0 Translocations
 + Level 1.0 Transmutations
 + Level 1.0 Fire Magic
 + Level 1.0 Ice Magic
 + Level 1.0 Air Magic
 + Level 1.0 Earth Magic
 + Level 1.0 Poison Magic
 + Level 1.3 Invocations
 + Level 1.2 Evocations


You had 5 spell levels left.
You didn't know any spells.
Your spell library contained the following spells:

 Spells                   Type           Power      Damage    Failure   Level
 Animate Skeleton         Necr           4%         N/A       99%         1
 Apportation              Tloc           4%         N/A       99%         1
 Summon Small Mammal      Summ           8%         N/A       99%         1


Dungeon Overview and Level Annotations

Branches:
Dungeon (3/15)

Altars:
Cheibriados
Okawaru
Trog
Vehumet


Innate Abilities, Weirdness & Mutations

You have very sharp teeth.
Your uncanny sense of smell can sniff out nearby items.
Your experience applies equally to all skills.


Message History

You barely miss the adder.
The adder is almost dead.
You feel sick. The gnoll barely misses you. The gnoll hits you with a +0 club.
The adder barely misses you. The gnoll attacks as you move away!
The gnoll hits you with a +0 club.
You feel sick.
The scorpion stings you but does no damage.
Okay, then.
You feel sick. The scorpion stings you.
You are more poisoned.
The scorpion poisons you!
Aiming: Corrosive Bolt
Press: ? - help, Q - select action, (/) - cycle Shift-Dir - straight line, f - scorpion
Aim: a scorpion (71% to hit)
Okay, then.
Throw: 3 throwing nets
Press: ? - help, Shift-Dir - straight line, f - scorpion
Aim: a scorpion (62% to hit)
You throw a throwing net. The throwing net hits the scorpion.
The scorpion is caught in the net!
You feel sick. The gnoll hits you but does no damage.
The scorpion struggles against the net.
You barely miss the scorpion.
You feel sick. The gnoll hits you but does no damage.
The gnoll hits you from afar with a +0 spear!
* * * LOW HITPOINT WARNING * * *
The scorpion struggles against the net.
* * * LOW HITPOINT WARNING * * *
You feel sick.
The scorpion struggles against the net.
* * * LOW HITPOINT WARNING * * *
You feel sick.
The scorpion struggles against the net.
* * * LOW HITPOINT WARNING * * *
You feel sick.
The scorpion struggles against the net.
The net rips apart, and the scorpion comes free!
* * * LOW HITPOINT WARNING * * *
You feel sick.
* * * LOW HITPOINT WARNING * * *
You feel sick.
There is a stone staircase leading down here.
You die...

.. ... ∆ ....
....#########+###
........#..#....#
........#..#....#
....)...#..#..g@+
........##'#....##+##
+###................#
#......g.s.....>.#
#......g...(.....#
#.)....S.........#
###...g#########...
#....'....... ...
+....#....... ..


You could see a scorpion, 4 gnolls and an adder.

Vanquished Creatures
  4 adders
  A worm (D:3)
  2 dart slugs
  An orc (D:3)
  5 endoplasms
  3 giant cockroaches
  8 hobgoblins
  2 quokkas (D:3)
  4 ball pythons
  4 bats
  A frilled lizard (D:1)
  8 goblins
  2 kobolds
  5 rats
50 creatures vanquished.

Notes
Turn   | Place    | Note
-------+----------+-------------------------------------------
     0 | D:1      | xian the Gnoll Gladiator began the quest for the Orb.
     0 | D:1      | Reached XP level 1. HP: 20/20 MP: 1/1
   201 | D:1      | Reached XP level 2. HP: 26/26 MP: 2/2
   203 | D:1      | Found a faded altar of an unknown god.
   224 | D:1      | Prayed at the altar of an unknown god.
   224 | D:1      | Became a worshipper of Vehumet
   224 | D:1      | Reached * piety under Vehumet
   224 | D:1      | Offered knowledge of Foxfire by Vehumet.
   666 | D:2      | Reached XP level 3. HP: 31/31 MP: 3/3
  1103 | D:2      | Reached skill level 1 in Invocations
  1406 | D:2      | Reached skill level 1 in Short Blades
  1406 | D:2      | Reached skill level 1 in Long Blades
  1406 | D:2      | Reached skill level 1 in Axes
  1406 | D:2      | Reached skill level 1 in Maces & Flails
  1406 | D:2      | Reached skill level 1 in Staves
  1406 | D:2      | Reached skill level 1 in Slings
  1406 | D:2      | Reached skill level 1 in Bows
  1406 | D:2      | Reached skill level 1 in Crossbows
  1406 | D:2      | Reached skill level 1 in Armour
  1406 | D:2      | Reached skill level 1 in Stealth
  1406 | D:2      | Reached skill level 1 in Shields
  1406 | D:2      | Reached skill level 1 in Unarmed Combat
  1406 | D:2      | Reached skill level 1 in Spellcasting
  1406 | D:2      | Reached skill level 1 in Evocations
  1406 | D:2      | Reached XP level 4. HP: 38/38 MP: 5/5
  1810 | D:3      | Reached ** piety under Vehumet
  1810 | D:3      | Offered knowledge of Static Discharge by Vehumet.
  1990 | D:3      | Found a snail-covered altar of Cheibriados.
  1991 | D:3      | Found an iron altar of Okawaru.
  1993 | D:3      | Found a bloodstained altar of Trog.
  2036 | D:3      | Fell from the grace of Vehumet
  2036 | D:3      | Became a worshipper of Trog the Wrathful
  2079 | D:3      | Reached skill level 1 in Conjurations
  2079 | D:3      | Reached skill level 1 in Hexes
  2079 | D:3      | Reached skill level 1 in Summonings
  2079 | D:3      | Reached skill level 1 in Necromancy
  2079 | D:3      | Reached skill level 1 in Translocations
  2079 | D:3      | Reached skill level 1 in Transmutations
  2079 | D:3      | Reached skill level 1 in Fire Magic
  2079 | D:3      | Reached skill level 1 in Ice Magic
  2079 | D:3      | Reached skill level 1 in Air Magic
  2079 | D:3      | Reached skill level 1 in Earth Magic
  2079 | D:3      | Reached skill level 1 in Poison Magic
  2696 | D:3      | You fall into a shaft and drop 2 floors!
  2696 | D:5      | Entered Level 5 of the Dungeon
  2723 | D:5      | Noticed a scorpion
  2746 | D:5      | HP: 1/38 [poisoned by a scorpion]
  2747 | D:5      | Succumbed to a scorpion's poison

Illustrated notes

Levels and vault maps discovered:
D:1:      dpeg_arrival_tiny_d, layout_basic, ebering_ecumenical_altar_abandoned,
          minivault_24, minmay_octomino_j4
D:2:      layout_loops_corners, minmay_misc_feat_doors, kennysheep_small_spiral,
          grunt_ministairs_2
D:3:      layout_basic, grunt_temple_overflow_open
D:5:      layout_gridville, serial_shops, shop, eino_tiny_chamber,
          uniq_eustachio, uniq_menkaure

Skill      XL: |  1  2  3  4 |
---------------+-------------+-----
Invocations    | 1 |  1.3
Short Blades   | 1 |  1.2
Long Blades    | 1 |  1.2
Axes           | 1 |  1.2
Maces & Flails | 1 |  1.2
Staves         | 1 |  1.2
Slings         | 1 |  1.2
Bows           | 1 |  1.2
Crossbows      | 1 |  1.2
Armour         | 1 |  1.2
Stealth        | 1 |  1.2
Shields        | 1 |  1.2
Unarmed Combat | 1 |  1.2
Spellcasting   | 1 |  1.2
Evocations     | 1 |  1.2
Conjurations   | 1 |  1.0
Hexes          | 1 |  1.0
Summonings     | 1 |  1.0
Necromancy     | 1 |  1.0
Translocations | 1 |  1.0
Transmutations | 1 |  1.0
Fire Magic     | 1 |  1.0
Ice Magic      | 1 |  1.0
Air Magic      | 1 |  1.0
Earth Magic    | 1 |  1.0
Poison Magic   | 1 |  1.0
Fighting       | |  4.6
Polearms       | |  6.6
Throwing       | |  4.6
Dodging        | |  6.6

Action                   |  1- 3 |  4- 6 || total
-------------------------+-------+-------++-------
Melee: Trident           |    79 |    61 ||   140
       Bite              |     3 |     5 ||     8
Throw: Boomerang         |     3 |       ||     3
       Throwing net      |       |     1 ||     1
 Stab: Sleeping          |     1 |       ||     1
Armor: Leather armour    |     2 |       ||     2
       Chain mail        |    42 |    37 ||    79
Dodge: Dodged            |    24 |    22 ||    46

Table legend: (Time is in decaauts)
 A = Elapsed time spent in this place.
 B = Non-inter-level travel time spent in this place.
 C = Inter-level travel time spent in this place.
 D = Time resting spent in this place.
 E = Time spent auto-exploring this place.
 F = Levels seen in this place.
 G = Mean time per level.
                   A        B        C        D        E       F      G
               +--------+--------+--------+--------+--------+-----+--------+
         Total |   2742 |   2714 |     28 |      0 |   2062 |   4 |  685.5 |
       Dungeon |   2742 |   2714 |     28 |      0 |   2062 |   4 |  685.5 |
               +--------+--------+--------+--------+--------+-----+--------+

Top non-repeatable levels by time:
     D:2: 1110 daAuts
     D:3: 974 daAuts
     D:1: 608 daAuts
     D:5: 50 daAuts
